 Dungeon Crawl Stone Soup version 0.23.2 (webtiles) character file.

Game seed: 13680696916173200790

212 CreepyHamster the Skirmisher (level 5, -1/43 HPs)
             Began as a Demonspawn Berserker on June 26, 2019.
             Was a Believer of Trog.
             Succumbed to a scorpion's poison
             ... on level 4 of the Dungeon on June 27, 2019.
             The game lasted 00:19:03 (2752 turns).

CreepyHamster the Skirmisher (Demonspawn Berserker) Turns: 2752, Time: 00:19:03

Health: -1/43      AC:  6    Str: 18    XL:     5   Next: 58%
Magic:  5/5        EV:  9    Int:  9    God:    Trog [**....]
Gold:   79         SH:  4    Dex: 12    Spells: 4/4 levels left

rFire    . . .     SeeInvis .   e - +0 hand axe
rCold    . . .     Gourm    .   d - +0 buckler
rNeg     . . .     Faith    .   i - +0 scale mail
rPois    .         Spirit   .   (no helmet)
rElec    .         Reflect  .   (no cloak)
rCorr    .         Harm     .   (no gloves)
MR       .....                  (no boots)
Stlth    ..........             (no amulet)
HPRegen  0.14/turn              (no ring)
MPRegen  0.09/turn              (no ring)

@: lethally poisoned (-1 -> -35), berserk cooldown, slowed, very slow
A: hooves 1, powered by death 1
a: Berserk, Trog's Hand, Renounce Religion


You were on level 4 of the Dungeon.
You worshipped Trog.
Trog was pleased with you.
You were near starving.

You visited 1 branch of the dungeon, and saw 4 of its levels.

You collected 79 gold pieces.

Inventory:

Hand Weapons
 a - a +0 spear
 e - a +0 hand axe (weapon)
Missiles
 k - 6 javelins (quivered)
Armour
 b - a +0 animal skin
 d - a +0 buckler (worn)
 i - a +0 scale mail (worn)
Wands
 n - a wand of disintegration (8)
Scrolls
 h - 2 scrolls of teleportation
 l - a scroll of amnesia
Potions
 f - a potion of lignification {unknown}
 g - a potion of agility
 j - a potion of heal wounds {unknown}
 m - a potion of flight
Comestibles
 c - 2 rations


   Skills:
 * Level 4.5 Fighting
 * Level 0.4(2.3) Axes
 - Level 3.8 Polearms
 * Level 2.7 Armour
 - Level 1.7 Dodging
 + Level 0.1 Stealth
 * Level 1.3 Shields


You had 4 spell levels left.
You didn't know any spells.
Your spell library was empty.

Dungeon Overview and Level Annotations

Branches:
Dungeon (4/15)
 Temple: D:4-7

Altars:
Ashenzari
Nemelex Xobeh


Innate Abilities, Weirdness & Mutations

You have large cloven feet.
You regenerate a little health from kills.


Message History

The scorpion is almost dead.
* * * LOW HITPOINT WARNING * * *
You feel very sick. You block the scorpion's attack.
You slice the scorpion!!
You kill the scorpion!
Trog accepts your kill.
* * * LOW HITPOINT WARNING * * *
You feel very sick.
Unknown command.
Unknown command.
* * * LOW HITPOINT WARNING * * *
You feel sick.
You feel a strong urge to attack something.
* * * LOW HITPOINT WARNING * * *
You feel sick.
You are no longer berserk.
You are exhausted.
You feel yourself slow down.
You die...

### ..# #.# #.#
.#<####†###
#......@..#########
##.###......>.....#
#.....#.........#
#......#.#######.#
#.###.###.# #.# .
... #.# #.# ....
..# ##.## .###.
#.######...###
.............#


There were no monsters in sight!

Vanquished Creatures
  A scorpion (D:4)
  An orc wizard (D:3)
  Jessica (D:3)
  A worker ant (D:2)
  2 adders (D:2)
  2 oozes
  A leopard gecko (D:2)
  10 orcs (D:3)
  6 bats
  3 giant cockroaches
  4 goblins
  3 hobgoblins
  2 jackals (D:1)
  4 kobolds
  A quokka (D:2)
  3 frilled lizards
  2 rats
47 creatures vanquished.

Notes
Turn   | Place    | Note
-------+----------+-------------------------------------------
     0 | D:1      | CreepyHamster the Demonspawn Berserker began the quest for
                  | the Orb.
     0 | D:1      | Reached XP level 1. HP: 18/18 MP: 1/1
   584 | D:1      | Found a sparkling altar of Nemelex Xobeh.
   602 | D:1      | Gained mutation: You have large cloven feet. [demonic
                  | ancestry]
   602 | D:1      | Reached XP level 2. HP: 15/24 MP: 2/2
   851 | D:2      | Found a faded altar of an unknown god.
   886 | D:2      | Found a shattered altar of Ashenzari.
   944 | D:2      | Reached XP level 3. HP: 16/30 MP: 3/3
  1206 | D:2      | Reached skill level 4 in Fighting
  1565 | D:2      | Reached XP level 4. HP: 37/37 MP: 4/4
  1849 | D:3      | Noticed Jessica
  1858 | D:3      | Killed Jessica
  1858 | D:3      | Reached skill level 1 in Shields
  2108 | D:3      | Reached ** piety under Trog
  2108 | D:3      | Gained mutation: You regenerate a little health from kills.
                  | [demonic ancestry]
  2108 | D:3      | Reached XP level 5. HP: 43/43 MP: 5/5
  2750 | D:4      | HP: 2/64 [poisoned by a scorpion]
  2752 | D:4      | Succumbed to a scorpion's poison

Skill      XL: |  1  2  3  4 |
---------------+-------------+-----
Polearms       | 3 |  3.8
Fighting       | 4 |  4.5
Armour         | 2 |  2.7
Shields        | 1 |  1.3
Axes           | |  0.4
Dodging        | |  1.7
Stealth        | |  0.1

Action                   |  1- 3 |  4- 6 || total
-------------------------+-------+-------++-------
Melee: Spear             |    84 |    63 ||   147
       Kick              |    10 |    14 ||    24
       Hand axe          |       |    14 ||    14
Invok: Berserk           |     1 |     4 ||     5
  Use: Scroll            |       |     4 ||     4
  Eat: Chunk             |     2 |       ||     2
       Ration            |       |     2 ||     2
Armor: Animal skin       |    12 |       ||    12
       Scale mail        |    27 |    32 ||    59
Dodge: Dodged            |    46 |    37 ||    83
Block: Buckler           |     7 |    13 ||    20
